 Dungeon Crawl Stone Soup version 0.30.0-18-gc0e69614cb (webtiles) character file.

Game seed: 17975737962876338029

0 Bnni the Grave Robber (level 1, 0/13 HPs)
             Began as a Demonspawn Necromancer on May 24, 2023.
             Slain by a ball python (1 damage)
             ... on level 1 of the Dungeon.
             The game lasted 00:00:21 (20 turns).

Bnni the Grave Robber (Demonspawn Necromancer)        Turns: 20, Time: 00:00:23

Health: 0/13       AC:  2    Str:  8    XL:     1   Next: 8%
Magic:  0/3        EV: 12    Int: 16    God:
Gold:   0          SH:  0    Dex: 13    Spells: 3/4 levels left

rFire   . . .        (no weapon)
rCold   . . .        (no shield)
rNeg    . . .        a - +0 robe
rPois   .            (no helmet)
rElec   .            (no cloak)
rCorr   .            (no gloves)
SInv    .            (no boots)
Will    .....        (no amulet)
Stlth   ++           (no ring)
HPRegen 0.22/turn    (no ring)
MPRegen 0.08/turn

%: no passive effects
@: no status effects
A: no striking features
a: no special abilities


You were on level 1 of the Dungeon.
You visited 1 branch of the dungeon, and saw 1 of its levels.

Inventory:

Armour
 a - a +0 robe (worn)
Potions
 b - a potion of magic


   Skills:
 + Level 0.0 Fighting
 - Level 1.7 Dodging
 - Level 1.7 Stealth
 + Level 2.0 Spellcasting
 * Level 4.4 Necromancy


You had 3 spell levels left.
You knew the following spells:

 Your Spells              Type           Power      Damage    Failure   Level
a - Necrotise             Necr           60%        1d7       3%          1

Your spell library contained the following spells:

 Spells                   Type           Power      Damage    Failure   Level
 Vampiric Draining        Necr           15%        2d7       11%         3
 Animate Dead             Necr           15%        N/A       34%         4
 Agony                    Necr           15%        N/A       67%         5


Dungeon Overview and Level Annotations

Branches:
Dungeon (1/15)

Altars:


Message History

Your ball python skeleton constricts the quokka.
You barely miss the quokka.
The quokka is lightly wounded.
The quokka bites you.
Your ball python skeleton barely misses the quokka.
Your ball python skeleton constricts the quokka.
You are too injured to fight recklessly!
You are too injured to fight recklessly!
You hit the quokka.
The quokka is moderately wounded.
The quokka closely misses you.
Your ball python skeleton bites the quokka but does no damage.
Your ball python skeleton constricts the quokka.
You barely miss the quokka.
The quokka is moderately wounded.
The quokka bites you.
* * * LOW HITPOINT WARNING * * *
The ball python barely misses you. The ball python misses you.
The quokka bites you but does no damage.
Your ball python skeleton bites the quokka but does no damage.
Your ball python skeleton constricts the quokka.
The quokka struggles to escape constriction.
Your ball python skeleton bites the quokka but does no damage.
Your ball python skeleton constricts the quokka.
The quokka struggles to escape constriction.
Your ball python skeleton bites the quokka but does no damage.
Your ball python skeleton constricts the quokka.
The quokka escapes!
Your ball python skeleton bites the quokka.
Your ball python skeleton barely misses the quokka.
The ball python bites you.
* * * LOW HITPOINT WARNING * * *
The ball python completely misses you.
Unknown command.
Aiming: Necrotise (safe; 3% risk of failure)
Press: ? - help, Q - select action Shift-Dir - straight line, f - ball python
Aim: a ball python (chance to affect: 85%)
The ball python writhes in agony.
The ball python bites you.
You die...

..........#.....
.................
..........#.......#
..........#........
...................
...................
.#....#............
......#.Sr.Z.......
........@##........!
...................#
......#............#
......#............#
......#...........##
.........##......#
.#.P...P.#........
#.......#........#
+...<............#


You could see a quokka, a ball python (ally target) and a friendly ball python
skeleton.

Vanquished Creatures
  A ball python (D:1)
1 creature vanquished.

Notes
Turn   | Place    | Note
-------+----------+-------------------------------------------
     0 | D:1      | Bnni the Demonspawn Necromancer began the quest for the
                  | Orb.
     0 | D:1      | Reached XP level 1. HP: 13/13 MP: 3/3
    20 | D:1      | Slain by a ball python

Illustrated notes

Levels and vault maps discovered:
D:1:      dpeg_arrival_orchard, layout_basic

Action                     || total
---------------------------++-------
  Melee: Unarmed           ||     6
   Cast: Necrotise         ||     4
 Armour: Robe              ||     1
  Dodge: Dodged            ||     9
